 Dungeon Crawl Stone Soup version 0.21.0 (webtiles) character file.

53 Jynx the Changer (level 3, -3/26 HPs)
             Began as a Merfolk Transmuter on Jan 7, 2018.
             Shot with a stone by a hobgoblin (5 damage)
             ... on level 2 of the Dungeon.
             The game lasted 00:03:02 (2202 turns).

Jynx the Changer (Merfolk Transmuter)               Turns: 2202, Time: 00:03:03

Health: -3/26      AC:  2    Str: 10    XL:     3   Next: 89%
Magic:  2/7        EV: 13    Int: 12    God:
Gold:   84         SH:  0    Dex: 15    Spells: 1/7 levels left

rFire    . . .     SeeInvis .     - Unarmed
rCold    . . .     Gourm    .   (no shield)
rNeg     . . .     Faith    .   b - +0 robe
rPois    .         Spirit   .   (no helmet)
rElec    .         Reflect  .   (no cloak)
rCorr    .         Harm     .   (no gloves)
MR       .....                  (no boots)
Stlth    +.........             (no amulet)
HPRegen  0.08/turn              (no ring)
MPRegen  0.10/turn              (no ring)

@: appendage
A: change form in water, swift swim, stealthy swim, horns 2
a: End Transformation


You were on level 2 of the Dungeon.
You were not hungry.
You had grown temporary horns.
You visited 1 branch of the dungeon, and saw 2 of its levels.

You collected 84 gold pieces.

Inventory:

Missiles
 a - 8 arrows
Armour
 b - a +0 robe (worn)
Scrolls
 e - a scroll of blinking {unknown}
 f - a scroll of fog {unknown}
Books
 c - a book of Changes

   Spells                             Type                      Level
   a - Beastly Appendage              Transmutation                1
   b - Sticks to Snakes               Transmutation                2
   c - Spider Form                    Transmutation/Poison         3
   d - Ice Form                       Ice/Transmutation            4
   e - Blade Hands                    Transmutation                5
Comestibles
 d - 4 rations
 g - 3 chunks of flesh


   Skills:
 - Level 1.1 Fighting
 - Level 2.6 Dodging
 - Level 3.2 Unarmed Combat
 + Level 2.6 Spellcasting
 * Level 4.7 Transmutations


You had one spell level left.
You knew the following spells:

 Your Spells              Type           Power        Failure   Level  Hunger
a - Beastly Appendage     Tmut           ##....       3%          1    #......
b - Sticks to Snakes      Tmut           ##......     5%          2    ###....
c - Spider Form           Tmut/Pois      #.........   28%         3    ###....


Dungeon Overview and Level Annotations

Branches:
Dungeon (2/15)

Altars:


Innate Abilities, Weirdness & Mutations

You revert to your normal form in water.
You are very nimble and swift while swimming.
You are very stealthy in the water. (Stealth+)
You have a pair of horns on your head.


Message History

The hobgoblin unwields an uncursed hunting sling.
The hobgoblin hits you.
You are too injured to fight recklessly!
You are too injured to fight recklessly!
You are too injured to fight recklessly!
Casting: Beastly Appendage
Confirm with . or Enter, or press ? or * to list all spells.
You create a snake!
You now have 9 arrows.
The bat hits you but does no damage. The hobgoblin barely misses you.
Casting: Sticks to Snakes
Confirm with . or Enter, or press ? or * to list all spells.
You create a snake!
You now have 8 arrows.
The bat hits you. The bat hits you but does no damage.
The hobgoblin misses you. The worm bites you!
* * * LOW HITPOINT WARNING * * *
The bat hits your ball python. The bat hits your ball python.
The bat closely misses you.
The hobgoblin wields an uncursed hunting sling.
The hobgoblin shoots a stone.
The stone hits you.
You die...

#.# #...... #.#
#......
#######.######......
.........†..........
#######.######......
### #..# #..<... ##..
########.....<
##.S####.###.##...>..
#..b@.#.#_#.#........
#.S.##.###.#####....(
#b(gw### ### ##....
##..(..# #####
##.g...##.###
#..[.........
#....$..#.###
#.......# #
#........##


You could see 2 hobgoblins, 2 bats and 2 friendly ball pythons.

Vanquished Creatures
  2 adders (D:2)
  A dart slug (D:1)
  3 leopard geckos (D:1)
  A giant cockroach (D:2)
  3 goblins (D:1)
  6 hobgoblins (D:1)
  3 jackals (D:2)
  2 frilled lizards (D:1)
  3 kobolds
  3 rats (D:1)
27 creatures vanquished.

Vanquished Creatures (collateral kills)
  A worm (D:2)
1 creature vanquished.

Grand Total: 28 creatures vanquished

Notes
Turn   | Place    | Note
-------+----------+-------------------------------------------
     0 | D:1      | Jynx the Merfolk Transmuter began the quest for the Orb.
     0 | D:1      | Reached XP level 1. HP: 15/15 MP: 3/3
    74 | D:1      | Reached skill level 3 in Transmutations
   288 | D:1      | Reached XP level 2. HP: 20/21 MP: 3/5
   950 | D:1      | Reached skill level 4 in Transmutations
  1330 | D:1      | Reached XP level 3. HP: 22/26 MP: 4/6
  1970 | D:1      | Learned a level 2 spell: Sticks to Snakes
  1974 | D:1      | Learned a level 3 spell: Spider Form
  2165 | D:2      | Found a faded altar of an unknown god.
  2202 | D:2      | Shot with a stone by a hobgoblin

Skill      XL: |  1  2 |
---------------+-------+-----
Transmutations | 3 4 |  4.7
Fighting       | |  1.1
Dodging        | |  2.6
Unarmed Combat | |  3.2
Spellcasting   | |  2.6

Action                   || total
-------------------------++-------
Melee: Unarmed           ||   113
       Headbutt          ||    15
       Punch             ||     2
 Cast: Beastly Appendage ||    22
       Sticks to Snakes  ||     4
 Stab: Distracted        ||     1
       Sleeping          ||     1
  Eat: Ration            ||     1
       Chunk             ||     1
Armor: Robe              ||    13
Dodge: Dodged            ||    82
